 Dungeon Crawl Stone Soup version 0.22-a0-392-g5dc3fd9 (webtiles) character file.

100 DrEnzyme the Skirmisher (level 4, 0/41 HPs)
             Began as a Minotaur Fighter on May 1, 2018.
             Slain by an orc wizard
             ... wielding a +0 dagger
              (2 damage)
             ... on level 2 of the Dungeon.
             The game lasted 00:06:02 (1815 turns).

DrEnzyme the Skirmisher (Minotaur Fighter)          Turns: 1815, Time: 00:06:03

Health: 0/41       AC:  8    Str: 21    XL:     4   Next: 46%
Magic:  3/3        EV:  8    Int:  5    God:
Gold:   43         SH:  9    Dex: 10    Spells: 3/3 levels left

rFire    . . .     SeeInvis .   a - +0 flail
rCold    . . .     Gourm    .   c - +0 shield
rNeg     . . .     Faith    .   b - +0 scale mail
rPois    .         Spirit   .   (helmet restricted)
rElec    .         Reflect  .   (no cloak)
rCorr    .         Harm     .   r - +0 pair of gloves
MR       .....                  (no boots)
Stlth    +.........             (no amulet)
HPRegen  0.13/turn              p - ring of stealth
MPRegen  0.08/turn              (no ring)

@: no status effects
A: retaliatory headbutt, horns 2
a: no special abilities


You were on level 2 of the Dungeon.
You were not hungry.

You visited 1 branch of the dungeon, and saw 3 of its levels.

You collected 43 gold pieces.

Inventory:

Hand Weapons
 a - a +0 flail (weapon)
Missiles
 h - 71 stones (quivered)
Armour
 b - a +0 scale mail (worn)
 c - a +0 shield (worn)
 r - a +0 pair of gloves (worn)
Jewellery
 p - a ring of stealth (left hand)
Scrolls
 e - a scroll of enchant armour {unknown}
 g - a scroll of blinking {unknown}
 j - a scroll of immolation {unknown}
 n - 3 scrolls of remove curse {unknown}
 o - 6 scrolls of teleportation {unknown}
 q - a scroll of amnesia {unknown}
 s - 2 scrolls of random uselessness {unknown}
Potions
 d - 3 potions of might
 i - 2 potions of curing {unknown}
 k - a potion of brilliance {unknown}
 l - 2 potions of resistance {unknown}
 m - a potion of agility {unknown}
 t - a potion of cancellation {unknown}
Comestibles
 f - 6 rations


   Skills:
 + Level 4.4 Fighting
 + Level 3.4 Maces & Flails
 + Level 4.3 Armour
 + Level 1.2 Dodging
 * Level 0.9 Stealth
 + Level 4.0 Shields


You had 3 spell levels left.
You didn't know any spells.

Dungeon Overview and Level Annotations

Branches:
Dungeon (3/15)

Altars:
Sif Muna
Yredelemnul


Innate Abilities, Weirdness & Mutations

You reflexively headbutt those who attack you in melee.
You have a pair of horns on your head.


Message History

There is an open door here.
There is a stone staircase leading up here.
Something hits you but does no damage. You block something's attack.
You climb upwards.
There is a stone staircase leading down here.
A magic dart appears from out of thin air!
The magic dart hits you!
* * * LOW HITPOINT WARNING * * *
You hear some strange, mumbled words.
A puff of flame appears from out of thin air!
You block the puff of flame.
You barely miss something. Something hits you but does no damage.
You hear some strange, mumbled words.
A puff of flame appears from out of thin air!
The puff of flame misses you.
You barely miss something. You block something's attack. x2
You miss something. Something hits you.
* * * LOW HITPOINT WARNING * * *
Something hits you.
You die...

#####................#.#####.##.#
#######.#.#.#.#..#.#.###.##.#
#..........#.#...(....#
#####...#.##.#.###.####
####.#.#.##.#.# #..... #########
#......#.##.#.# ###### ........#
#......#.##.#.######## ........#
#......#.##........... ........#
#....@.#.##...####.### ........#
######{#.##...####.# ........#
#.)....###..##...#
........######.###..# #..########
...............# #..###.## ##8#
........#.#.#..# #..#...# ##8...
..............## ##>....#####....
........#.#.#.# #...#.##.#_....
..............# #........##....


There were no monsters in sight!

Vanquished Creatures
  Robin (D:2)
  2 adders (D:2)
  An ooze (D:2)
  An orc (D:3)
  6 bats
  7 giant cockroaches (D:1)
  15 goblins
  9 hobgoblins
  5 kobolds
  7 frilled lizards
  7 rats
61 creatures vanquished.

Notes
Turn   | Place    | Note
-------+----------+-------------------------------------------
     0 | D:1      | DrEnzyme the Minotaur Fighter began the quest for the Orb.
     0 | D:1      | Reached XP level 1. HP: 19/19 MP: 0/0
   221 | D:1      | Reached XP level 2. HP: 23/27 MP: 1/1
   499 | D:1      | Reached skill level 1 in Dodging
   552 | D:1      | Reached XP level 3. HP: 32/33 MP: 2/2
  1338 | D:2      | Reached XP level 4. HP: 39/41 MP: 3/3
  1386 | D:2      | Noticed Robin
  1412 | D:2      | Killed Robin
  1481 | D:2      | Found a basalt altar of Yredelemnul.
  1642 | D:2      | Found a deep blue altar of Sif Muna.
  1815 | D:2      | HP: 2/41 [something (3)]
  1815 | D:2      | Slain by an orc wizard

Vault maps used:
D:1:      dpeg_arrival_prison, kennysheep_pointless_box
D:2:      nicolae_overflow_hidden_temple, led_sif_pool, serial_glass,
          glass_columns_a, glass_columns_a, glass_columns_c, glass_columns_b,
          glass_columns_c, glass_columns_a, minivault_19, uniq_robin
D:3:      nicolae_overflow_crystal_walls, hangedman_decor_push,
          nemelex_xobeh_ov_fountains_minmay

Skill      XL: |  1  2  3 |
---------------+----------+-----
Fighting       | 4 |  4.4
Armour         | 4 |  4.3
Dodging        | 1 |  1.2
Shields        | 4 |  4.0
Maces & Flails | 3 |  3.4
Stealth        | |  0.9

Action                   |  1- 3 |  4- 6 || total
-------------------------+-------+-------++-------
Melee: Flail             |   126 |    53 ||   179
       Headbutt          |    14 |     7 ||    21
Throw: Stone             |       |     2 ||     2
  Eat: Chunk             |     1 |     2 ||     3
Armor: Scale mail        |    56 |    20 ||    76
Dodge: Dodged            |    46 |    11 ||    57
Block: Shield            |    55 |    26 ||    81

Table legend:
 A = Spawn XP
 B = Non-spawn XP
 C = Spawn XP percentage of total XP
 D = Spawn monster count
 E = Non-spawn monster count
 F = Spawn count percentage of total count
 G = Total turns spent on level
                    A         B        C        D         E        F      G
               +---------+---------+-------+---------+---------+-------+---------
         Total |       0 |     143 |   0.0 |       0 |      61 |   0.0 |  1815
               +---------+---------+-------+---------+---------+-------+---------
           D:1 |       0 |      59 |   0.0 |       0 |      36 |   0.0 |  1027
           D:2 |       0 |      79 |   0.0 |       0 |      23 |   0.0 |   757
           D:3 |       0 |       5 |   0.0 |       0 |       2 |   0.0 |    31
               +---------+---------+-------+---------+---------+-------+---------
